cohdb
Replays
Latest Replays
All Replays
Popular Replays
Top Player Replays
Match Explorer
How It Works
Community
CoH3 Stats
Reddit
Sign in to upload your games and track your stats! →
Sign in with Steam
Match 40872532
Unlisted
Match 40872532
Overview
Messages
Build Orders
End
Kradschützen Motorcycle Team
Selects Italian Combined Arms Battlegroup
Selects Bersaglieri Squad
Bersaglieri Squad
Panzerpioneer Squad
Bersaglieri Squad
Construct Light Support Kompanie
Selects Bersaglieri Bolster
Bersaglieri Squad
Construct Mechanized Kompanie
8 Rad Armored Car
8 Rad Armored Car
Selects Semovente da 75/18 Assault Gun
Marder III Tank Destroyer
Selects Semovente da 75/18 Assault Gun
Selects Strafing Run
Semovente da 75/18 Assault Gun
Wolfe
Njord
0
0
Comments
sign in to comment!
No comments posted yet!